 Dungeon Crawl Stone Soup version 0.30-a0-782-ge64f9170bb (webtiles) character file.

Game seed: 8756830771484325491

194273 Bnni the Tortoise (level 18, -35/149 HPs)
             Began as a Formicid Venom Mage on Feb 28, 2023.
             Was the Champion of Cheibriados.
             Killed from afar by Nikola (103 damage)
             ... with an arc of chain lightning
             ... on level 1 of the Swamp.
             The game lasted 01:36:47 (34190 turns).

Bnni the Tortoise (Formicid Venom Mage)            Turns: 34190, Time: 01:36:47

Health: -35/149    AC: 44    Str: 35    XL:     18   Next: 99%
Magic:  19/24      EV:  7    Int: 37    God:    Cheibriados [******]
Gold:   1098       SH: 38    Dex: 30    Spells: 13/27 levels left

rFire   + . .      SeeInvis +    e - +8 frozen axe "Frostbite" {freeze, freezing cloud, *Noise Fly rC+}
rCold   + + +      Faith    .    y - +10 tower shield "Zeddut" {Will+}
rNeg    . . .      Spirit   .    g - +13 crystal plate armour of the Everdark {rPois Will- Dex+3}
rPois   +          Reflect  +    (helmet unavailable)
rElec   .          Harm     .    X - +0 cloak {rC+}
rCorr   .          Rampage  .    R - +1 pair of gloves {Stlth+}
Will    +....                    j - +0 pair of boots {Fly} Stlth
                                 H - amulet of reflection
HPRegen 0.44/turn                a - ring of protection from fire
MPRegen 0.19/turn                w - ring "Qued" {rC+ Int+6}

@: flying, very slow
A: permanent stasis, dig shafts and tunnels, antennae 3, four strong arms,
clumsy 1, low MP 1
}: 1/15 runes: gossamer
a: Dig, Shaft Self, Renounce Religion, Bend Time, Temporal Distortion, Slouch,
Step From Time


You were on level 1 of the Swamp.
You worshipped Cheibriados.
Cheibriados was exalted by your worship.
You visited 6 branches of the dungeon, and saw 28 of its levels.
You visited the Abyss 1 time.
You also visited: Bailey, Gauntlet, Ice Cave and Volcano.

You collected 3694 gold pieces.
You spent 2596 gold pieces at shops.

Inventory:

Hand Weapons
 e - the +8 frozen axe "Frostbite" (weapon) {freeze, freezing cloud, *Noise Fly rC+}
   (You bought it in a shop on level 11 of the Dungeon)

   rC:        It protects you from cold.
   Fly:       It grants you flight.
   *Noise:    It may make noises in combat.
 o - the +7 great mace "Firestarter" {flame, inner flame, rFlCloud rF++}
   (You took it off a minotaur in a Gauntlet)

   rFlCloud:  It grants immunity to clouds of flame.
   rF:        It greatly protects you from fire.
 Z - the +1 glaive of Okawaru's Condemnation {vamp, *Noise Dex+7}
   (You found it on level 1 of the Lair of Beasts)

   Dex:       It affects your dexterity (+7).
   *Noise:    It may make noises in combat.
Missiles
 p - 7 curare-tipped darts
 F - 3 throwing nets
 U - 4 silver javelins
Armour
 g - the +13 crystal plate armour of the Everdark (worn) {rPois Will- Dex+3}
   (You found it in a bailey)

   Dex:       It affects your dexterity (+3).
   rPois:     It protects you from poison.
   Will:      It decreases your willpower.
 j - a +0 pair of boots of flying (worn)
 y - the +10 tower shield "Zeddut" (worn) {Will+}
   (You found it on level 1 of the Spider Nest)

   Will:      It increases your willpower.
 E - a +2 kite shield of positive energy
 R - a +1 pair of gloves of stealth (worn)
 X - a +0 cloak of cold resistance (worn)
Jewellery
 a - a ring of protection from fire (left hand)
 f - a ring of protection from fire
 q - a ring of protection from cold
 t - a ring of resist corrosion
 w - the ring "Qued" (right hand) {rC+ Int+6}
   (You found it on level 5 of the Dungeon)

   [ring of intelligence]

   Int:       It affects your intelligence (+6).
   rC:        It protects you from cold.
 H - an amulet of reflection (around neck)
Wands
 l - a wand of digging (1)
 s - a wand of flame (91)
 u - a wand of mindburst (14)
 V - a wand of roots (8)
Scrolls
 c - 6 scrolls of vulnerability
 h - 3 scrolls of immolation
 i - 3 scrolls of fear
 m - 4 scrolls of silence
 v - 9 scrolls of magic mapping {unknown}
 x - a scroll of amnesia
 z - 4 scrolls of poison {unknown}
 A - 4 scrolls of enchant armour
 K - 6 scrolls of enchant weapon {unknown}
 M - a scroll of butterflies
 P - 4 scrolls of fog {unknown}
Potions
 b - 5 potions of magic
 d - 2 potions of invisibility
 r - 8 potions of heal wounds
 C - 5 potions of mutation
 G - 3 potions of berserk rage {unknown}
 L - 16 potions of ambrosia
 N - 3 potions of degeneration {unknown}
 O - 3 potions of cancellation {unknown}
 Q - 9 potions of attraction
 S - 6 potions of curing
 T - 4 potions of brilliance {unknown}
 Y - 4 potions of might
Miscellaneous
 n - a condenser vane
 B - a phial of floods


   Skills:
 + Level 15.0 Fighting
 * Level 13.9 Axes
 + Level 17.9 Armour
 - Level 1.7 Dodging
 - Level 2.4 Stealth
 * Level 15.1 Shields
 - Level 5.0 Spellcasting
 * Level 6.4 Translocations
 + Level 5.4 Transmutations
 + Level 4.1 Air Magic
 - Level 12.0 Poison Magic
 - Level 13.0 Invocations


You had 13 spell levels left.
You knew the following spells:

 Your Spells              Type           Power      Damage    Failure   Level
a - Poisonous Vapours     Pois/Air       100%       N/A       4%          2
b - Ignite Poison         Fire/Tmut/Pois 51%        N/A       24%         3
c - Lesser Beckoning      Tloc           100%       N/A       9%          2
d - Vhi's Electric Charg  Tloc/Air       96%        N/A       28%         3
o - Olgreb's Toxic Radia  Pois           78%        N/A       6%          4

Your spell library contained the following spells:

 Spells                   Type           Power      Damage    Failure   Level
 Sting                    Tmut/Pois      100%       1d8       2%          1
 Cigotuvi's Dreadful Rot  Necr/Pois/Air  98%        N/A       14%         2
 Gell's Gravitas          Tloc           55%        N/A       19%         3
 Teleport Other           Tloc           55%        N/A       19%         3
 Mephitic Cloud           Conj/Pois/Air  49%        N/A       28%         3
 Kindle Blastsparks       Fire/Tloc/Air  70%        2d15      52%         3
 Summon Small Mammal      Summ           36%        N/A       63%         1
 Ensorcelled Hibernation  Hex/Ice        18%        N/A       77%         2
 Sublimation of Blood     Necr           9%         N/A       77%         2
 Call Canine Familiar     Summ           9%         N/A       94%         3
 Inner Flame              Hex/Fire       9%         N/A       94%         3
 Summon Guardian Golem    Hex/Summ       9%         N/A       94%         3
 Petrify                  Tmut/Erth      29%        N/A       95%         4
 Dispel Undead            Necr           9%         3d8       100%        4
 Flame Wave               Conj/Fire      9%         2d6       100%        4
 Sticky Flame             Conj/Fire      9%         2d3       100%        4
 Arcjolt                  Conj/Air       12%        1d22      100%        5
 Freezing Cloud           Conj/Ice/Air   9%         6-21      100%        5
 Irradiate                Conj/Tmut      14%        3d16      100%        5
 Death Channel            Necr           4%         N/A       100%        6
 Enfeeble                 Hex            4%         N/A       100%        7
 Maxwell's Capacitive Co  Air            20%        ∞         100%        8


Dungeon Overview and Level Annotations

Branches:
Dungeon (15/15)            Temple (1/1) D:6            Lair (5/5) D:9
  Swamp (1/4) Lair:3       Spider (4/4) Lair:3        Slime (0/5) Lair:4
    Orc (2/2) D:12            Elf (0/3) Orc:2        Vaults (0/5) D:14
 Depths (0/4) D:15         Bailey (visited)           IceCv (visited)
Volcano (visited)         Gauntlet (visited)

Altars:
Ashenzari
Cheibriados
Gozag
Hepliaklqana
Kikubaaqudgha
Nemelex Xobeh
Qazlal
Ru
Vehumet
Xom
Yredelemnul
Zin
Jiyva

Shops:
D:11 (   D:12 :   D:15 ?   Orc:2 *!((

Portals:
Trove: D:10 (give horn of Geryon)

Annotations:
D:15 exclusion: orange crystal statue
Swamp:1 Nikola


Innate Abilities, Weirdness & Mutations

You cannot be hasted, slowed, berserked, paralysed or teleported.
You can dig through walls and to a lower floor.
You have a pair of large antennae on your head. (SInv)
Your four strong arms can wield two-handed weapons with a shield.
You are clumsy. (Dex -2)
Your magical capacity is low. (-10% MP)


Message History

Casting: Olgreb's Toxic Radiance (mildly dangerous; 6% risk of failure)
Confirm with . or Enter, or press ? or * to list all spells.
Aiming: Lesser Beckoning (safe; 9% risk of failure)
Press: ? - help, Shift-Dir - straight line, f - Nikola
Aim: Nikola, wielding a +4 rapier of electrocution, wearing a +2 cloak and wearing a +2 pair of gloves (100% to hit)
Okay, then.
Okay, then.
Okay, then.
Okay, then.
Casting: Lesser Beckoning (safe; 9% risk of failure)
Confirm with . or Enter, or press ? or * to list all spells.
Aiming: Lesser Beckoning (safe; 9% risk of failure)
Press: ? - help, Shift-Dir - straight line, f - Nikola
Aim: Nikola, wielding a +4 rapier of electrocution, wearing a +2 cloak and wearing a +2 pair of gloves (100% to hit)
Nikola hurls suddenly forward!
Nikola splashes around in the water.
Your inner flame fades away.
You feel rather light.
The +8 frozen axe "Frostbite" {freeze, freezing cloud, *Noise Fly rC+} glows with a cold blue light!
e - the +8 frozen axe "Frostbite" (weapon)
{freeze, freezing cloud, *Noise Fly rC+} Nikola mumbles some strange words.
Lightning arcs from Nikola's hands!
The bolt of lightning hits you!!
A bolt of lightning appears from out of thin air!
The bolt of lightning hits Nikola.
You slice Nikola!! You freeze Nikola.
Nikola is moderately wounded.
Nikola misses you.
You completely miss Nikola.
Nikola is moderately wounded.
Nikola hits you with a +4 rapier of electrocution!
Nikola gestures at you while chanting. The bolt of lightning hits you!!
The mangrove smoulders and burns.
You hit Nikola. You freeze Nikola.
Nikola is moderately wounded.
You block Nikola's attack.
You slice Nikola!! You freeze Nikola.
You hear the roaring winds of a squall.
Nikola is heavily wounded.
Nikola mumbles some strange words.
Lightning arcs from Nikola's hands!
The bolt of lightning hits you!!!!
Ouch! That really hurt!
You die...

... .....~.♣~~~..~~....
...###.....~.~...~~~...
............~~~~.~§...
...#...♣..~~§~~~~~.~♣
......♣♣♣.~~~~~~~~.♣♣
~~§~~.♣♣♣♣♣...~§~~~~♣
~~~~~~.♣♣♣♣♣.~..~♣♣~♣
~~~~~)...~~♣.~~.~§♣
~~~~~†.~§~~♣.~..@~♣♣
~~~..~).~.~♣.~~@...♣
~..~.~~†..~..~~~~....♣
♣♣~~.♣~~.~~.~~~~~..!$?♣
♣♣♣♣♣♣♣♣♣♣♣.~~~~~~~~§.♣
♣~...~~~~~~~~.♣
♣.÷<.~.~~~~~~..
♣.÷~~~~~~~~~~.~
♣§~~~~~~~~§


You could see Nikola.

Vanquished Creatures
  Arachne (Spider:3)
  Mlioglotl (Spider:3)
  3 acid blobs (Lair:4)
  Gastronok (D:8)
  Kirke (D:15)
  Donald (Swamp:1)
  7 emperor scorpions
  A frost giant (D:11)
  2 ghost moths
  2 reapers
  A broodmother (Spider:3)
  The ghost of Dory the Thaumaturge, a journeyman MeEE (Lair:4)
  A lorocyproca (Abyss:2)
  Azrael (Spider:3)
  A minotaur (Gauntlet)
  5 dire elephants
  A spark wasp (Spider:3)
  An ettin (D:15)
  Josephine (Swamp:1)
  3 entropy weavers
  The ghost of Errthou the Cleaver, a journeyman HOMo of Beogh (Orc:2)
  A great orb of eyes (Gauntlet)
  An ice dragon (D:11)
  6 hydras
  Harold (D:10)
  3 jorogumos
  10 two-headed ogres
  3 alligators (Swamp:1)
  2 centaur warriors (D:14)
  2 boulder beetles
  5 tengu warriors
  5 death yaks
  The ghost of flt the Transmogrifier, a novice DgTm (D:9)
  2 dancing weapons
  Urug (D:12)
  Sonja (D:12)
  5 orc high priests
  A soul eater (Abyss:2)
  A thrashing horror (Abyss:2)
  8 pharaoh ants
  2 spectral death yaks (Lair:5)
  2 wretched stars (Abyss:2)
  A goliath frog (Swamp:1)
  A skyshark (Lair:5)
  A spectral anaconda (Lair:5)
  A spatial maelstrom (Abyss:2)
  2 large abominations (Abyss:2)
  3 orc knights
  2 sun moths
  7 orb spiders
  A glowing orange brain (Abyss:2)
  2 wizards (D:15)
  A lindwurm (Lair:3)
  The ghost of TryHard88 the Cleaver, a novice MiBe of Trog (D:6)
  A deep elf archer (Volcano)
  10 steelbarb worms
  3 bog bodies (Swamp:1)
  7 deep elf pyromancers
  An obsidian statue (Lair:5)
  6 ugly things
  5 necromancers
  2 salamanders (shapeshifter) (D:15)
  8 cyclopes
  5 oklob plants (Lair:4)
  3 orc sorcerers
  19 wolf spiders
  3 manticores
  4 moths of wrath
  5 black mambas
  28 elephants
  2 slime creatures (D:15)
  2 dire elephant zombies (Lair:5)
  2 ice statues
  A gargoyle (D:9)
  8 cane toads
  7 demonic crawlers
  4 torpor snails
  A dire elephant skeleton (Lair:5)
  A yaktaur (D:14)
  2 unseen horrors (D:10)
  A kobold demonologist (D:9)
  A rime drake (Lair:5)
  A freezing wraith (IceCv)
  8 komodo dragons
  A rime drake (shapeshifter) (D:15)
  2 ice devils (Lair:2)
  8 trolls
  A polar bear (Lair:4)
  A queen bee (Lair:5)
  21 tarantellas
  13 meliai
  A raiju (shapeshifter) (D:13)
  A tyrant leech (Swamp:1)
  3 hornets (Spider:3)
  18 blink frogs
  15 culicivoras
  30 jumping spiders
  6 wraiths
  5 wyverns
  A water elemental (D:11)
  2 dire elephant simulacra (IceCv)
  20 humans
  25 yaks
  A ynoxinul (Abyss:2)
  5 fire elementals (Volcano)
  A basilisk (shapeshifter) (D:12)
  Grum (D:8)
  5 basilisks
  A golden eye (shapeshifter) (D:14)
  34 redbacks
  15 vampire mosquitoes
  2 harpy simulacra (IceCv)
  A warg (Orc:1)
  A death yak simulacrum (IceCv)
  5 acid dragons
  2 spectral cane toads (Lair:5)
  5 swamp worms
  10 hell hounds
  9 water moccasins
  Duvessa (D:7)
  4 black bears
  26 orc warriors
  A sky beast (D:7)
  24 ice beasts
  7 centaurs
  An elephant zombie (Lair:5)
  8 ogres
  5 boggarts (D:14)
  7 wolves
  4 elephant skeletons (Lair:5)
  2 phantoms
  A gnoll sergeant (D:8)
  14 bullfrogs
  5 two-headed ogre simulacra (IceCv)
  2 scorpions
  A scorpion (shapeshifter) (D:15)
  2 cane toad simulacra
  A wight (D:10)
  Dowan (D:7)
  6 elephant simulacra
  23 killer bees (Lair:5)
  3 howler monkeys
  7 electric eels (D:11)
  A hound (D:5)
  6 jellies
  24 orc priests
  2 gnoll boudas
  5 iguanas
  Terence (D:2)
  21 orc wizards
  2 polar bear simulacra (IceCv)
  4 spriggan simulacra (IceCv)
  10 troll simulacra (IceCv)
  3 wolf simulacra (IceCv)
  4 adders
  15 gnolls
  7 naga simulacra (IceCv)
  A shadow imp (D:5)
  5 white imps
  7 ufetubi
  A worm (D:2)
  115 orcs
  3 ball pythons
  9 endoplasms
  5 giant cockroaches
  4 goblins
  5 hobgoblins
  15 jackals
  A quokka (D:2)
  3 bats (D:1)
  9 frilled lizards
  2 kobolds
  A rat (D:1)
993 creatures vanquished.

Vanquished Creatures (others)
  A manticore (D:13)
  A fire elemental (Spider:3)
  2 humans (D:15)
  2 orcs (D:12)
  14 demonic plants (Gauntlet)
  14 fungi
  40 plants
  29 withered plants
103 creatures vanquished.

Grand Total: 1096 creatures vanquished

Notes
Turn   | Place    | Note
-------+----------+-------------------------------------------
     0 | D:1      | Bnni the Formicid Venom Mage began the quest for the Orb.
     0 | D:1      | Reached XP level 1. HP: 13/13 MP: 3/3
   329 | D:1      | Reached XP level 2. HP: 20/20 MP: 5/5
   520 | D:1      | Reached skill level 1 in Fighting
   684 | D:1      | Reached XP level 3. HP: 16/26 MP: 6/6
  1039 | D:2      | Noticed Terence
  1045 | D:2      | Killed Terence
  1046 | D:2      | Reached skill level 5 in Poison Magic
  1046 | D:2      | Reached XP level 4. HP: 6/32 MP: 2/8
  1571 | D:2      | Learned a level 4 spell: Olgreb's Toxic Radiance
  1766 | D:2      | Learned a level 2 spell: Poisonous Vapours
  2253 | D:3      | Found a stormy altar of Qazlal.
  2263 | D:3      | Found a hazy altar of Hepliaklqana.
  2731 | D:4      | Found a glowing silver altar of Zin.
  2792 | D:4      | Reached XP level 5. HP: 4/38 MP: 4/9
  3118 | D:4      | Reached XP level 6. HP: 44/46 MP: 11/11
  3138 | D:4      | Learned a level 3 spell: Mephitic Cloud
  3718 | D:5      | Entered Level 5 of the Dungeon
  3767 | D:5      | Noticed an ice beast
  3791 | D:5      | Killed an ice beast
  3926 | D:5      | Reached XP level 7. HP: 41/52 MP: 6/12
  5358 | D:5      | Identified the ring "Qued" {rC+ Int+6}
  5644 | D:6      | Reached XP level 8. HP: 61/61 MP: 14/14
  5683 | D:6      | Reached skill level 5 in Fighting
  5730 | D:6      | Reached skill level 10 in Poison Magic
  5943 | D:6      | Reached skill level 1 in Armour
  6007 | D:6      | Found a staircase to the Ecumenical Temple.
  6014 | Temple   | Entered the Ecumenical Temple
  6051 | Temple   | Became a worshipper of Cheibriados the Contemplative
  6084 | D:6      | Reached skill level 1 in Invocations
  6085 | D:6      | Reached skill level 2 in Armour
  6261 | D:6      | Found a runed translucent door.
  6266 | D:6      | Reached XP level 9. HP: 43/68 MP: 15/15
  6344 | D:6      | Noticed TryHard88's ghost (novice MiBe)
  6551 | D:6      | Reached * piety under Cheibriados
  6552 | D:6      | Reached skill level 3 in Armour
  6774 | D:6      | Found a sparkling altar of Nemelex Xobeh.
  7405 | D:7      | Reached skill level 4 in Armour
  8042 | D:7      | Noticed Dowan
  8043 | D:7      | Noticed Duvessa
  8048 | D:7      | Killed Dowan
  8049 | D:7      | Killed Duvessa
  8278 | D:8      | Noticed Grum
  8287 | D:8      | Killed Grum
  8288 | D:8      | Reached skill level 5 in Armour
  8293 | D:8      | Reached ** piety under Cheibriados
  8509 | D:8      | Noticed a two-headed ogre
  8528 | D:8      | Killed a two-headed ogre
  8529 | D:8      | Reached skill level 6 in Armour
  8529 | D:8      | Reached skill level 5 in Invocations
  8529 | D:8      | Reached XP level 10. HP: 63/77 MP: 2/16
  8557 | D:8      | HP: 3/77 [yak (4)]
  8691 | D:8      | Found a flagged portal.
  8698 | Bailey   | Entered a bailey
  8922 | Bailey   | Reached skill level 7 in Armour
  8997 | Bailey   | Noticed an orc knight
  9002 | Bailey   | Killed an orc knight
  9114 | Bailey   | Identified the +13 crystal plate armour of the Everdark
                  | {rPois Will- Dex+3}
  9328 | D:8      | Noticed Gastronok
  9357 | D:8      | Killed Gastronok
  9358 | D:8      | Reached skill level 8 in Armour
  9358 | D:8      | Reached XP level 11. HP: 38/86 MP: 3/17
  9663 | D:8      | Reached *** piety under Cheibriados
 10217 | D:9      | Noticed an elephant
 10218 | D:9      | Reached skill level 9 in Armour
 10231 | D:9      | Killed an elephant
 10531 | D:9      | Found a sacrificial altar of Ru.
 10571 | D:9      | Found a staircase to the Lair.
 10677 | D:9      | Found a runed translucent door.
 10686 | D:9      | Noticed flt's ghost (novice DgTm)
 10980 | D:9      | You fall into a shaft and drop 3 floors!
 11005 | D:11     | Noticed a two-headed ogre
 11014 | D:11     | Noticed a manticore
 11034 | D:11     | Killed a two-headed ogre
 11055 | D:11     | Killed a manticore
 11056 | D:11     | Reached skill level 10 in Armour
 11056 | D:11     | Reached skill level 5 in Shields
 11057 | D:11     | Reached **** piety under Cheibriados
 11312 | D:11     | Found Fontud's Antique Weapon Shop.
 11361 | D:10     | Entered Level 10 of the Dungeon
 11556 | D:10     | Noticed a two-headed ogre
 11589 | D:10     | Killed a two-headed ogre
 11590 | D:10     | Reached skill level 1 in Axes
 11858 | D:9      | Noticed a two-headed ogre
 11864 | D:9      | Killed a two-headed ogre
 11865 | D:9      | Reached XP level 12. HP: 90/95 MP: 15/18
 11968 | D:9      | Killed flt's ghost
 12161 | D:6      | Killed TryHard88's ghost
 12162 | D:6      | Reached skill level 11 in Armour
 12362 | D:10     | Noticed Harold
 12380 | D:10     | Killed Harold
 12512 | D:10     | Reached ***** piety under Cheibriados
 12546 | D:10     | Noticed a two-headed ogre
 12554 | D:10     | Killed a two-headed ogre
 12881 | D:10     | Noticed a two-headed ogre
 12890 | D:10     | Killed a two-headed ogre
 13078 | D:10     | Found a portal to a secret trove of treasure.
 13357 | D:11     | Reached skill level 10 in Fighting
 13456 | D:11     | Reached skill level 12 in Armour
 14240 | D:12     | Found a staircase to the Orcish Mines.
 14295 | D:12     | Noticed Urug
 14314 | D:12     | Killed Urug
 14315 | D:12     | Reached skill level 10 in Invocations
 14394 | D:12     | Noticed Sonja
 14401 | D:12     | Killed Sonja
 14402 | D:12     | Reached XP level 13. HP: 67/103 MP: 6/20
 14691 | D:12     | Found Oserypp's Book Shop.
 15683 | D:13     | Reached skill level 5 in Axes
 15683 | D:13     | Reached skill level 13 in Armour
 16168 | D:14     | Noticed a centaur warrior
 16168 | D:14     | Found a gate to the Vaults.
 16176 | D:14     | Reached ****** piety under Cheibriados
 16177 | D:14     | Killed a centaur warrior
 16188 | D:14     | Noticed a centaur warrior
 16416 | D:14     | Killed a centaur warrior
 16529 | D:14     | Reached XP level 14. HP: 113/113 MP: 10/22
 17155 | D:14     | Found a radiant altar of Vehumet.
 17175 | D:14     | Reached skill level 14 in Armour
 17347 | D:14     | Reached skill level 10 in Shields
 17552 | D:15     | Entered Level 15 of the Dungeon
 17678 | D:15     | Found a gate leading to a gauntlet.
 17687 | Gauntlet | Entered a Gauntlet
 17687 | Gauntlet | Noticed a dire elephant
 17687 | Gauntlet | Found a transporter.
 17694 | Gauntlet | Found a runed translucent door.
 17696 | Gauntlet | Found a transporter.
 17697 | Gauntlet | Found a transporter.
 17700 | Gauntlet | Found a transporter.
 17701 | Gauntlet | Found a transporter.
 17702 | Gauntlet | Found a transporter.
 17710 | Gauntlet | Found a transporter.
 17711 | Gauntlet | Found a transporter.
 17731 | Gauntlet | Found a transporter.
 17748 | Gauntlet | Found a transporter.
 17752 | Gauntlet | Found a transporter.
 17760 | Gauntlet | Found a transporter.
 17807 | Gauntlet | Found a runed translucent door.
 17929 | Gauntlet | Killed a dire elephant
 17933 | Gauntlet | Identified the ring "Qajul" {rPois rC+ Will+ Slay-3}
 18137 | Gauntlet | Noticed a minotaur
 18155 | Gauntlet | Killed a minotaur
 18187 | Gauntlet | Identified the +1 short sword of Fee Simple {holy, Int+3}
 18188 | Gauntlet | Got the Textbook on the Enchanted Crevasse
 18459 | D:15     | Noticed Kirke
 18465 | D:15     | Killed Kirke
 18473 | Abyss:2  | Cast into level 2 of the Abyss (a wizard)
 18499 | Abyss:2  | Noticed a reaper
 18508 | Abyss:2  | Killed a reaper
 18510 | Abyss:2  | Noticed a lorocyproca
 18520 | Abyss:2  | Killed a lorocyproca
 18574 | Abyss:2  | Reached skill level 15 in Armour
 18784 | Abyss:2  | Found a corrupted altar of Lugonu.
 18793 | Abyss:2  | Found a corrupted altar of Lugonu.
 18797 | D:15     | Escaped the Abyss
 18830 | D:15     | Found a staircase to the Depths.
 18866 | D:15     | Found Elamekin's Magic Scroll Emporium.
 18880 | D:15     | Reached XP level 15. HP: 107/120 MP: 21/24
 19392 | Lair:1   | Entered Level 1 of the Lair of Beasts
 20026 | Lair:1   | Identified the +1 glaive of Okawaru's Condemnation {vamp,
                  | *Noise Dex+7}
 20742 | Lair:2   | Found a frozen archway.
 20754 | IceCv    | Entered an ice cave
 21135 | IceCv    | Identified the +1 robe of the Okapi {rC+ Archmagi}
 21141 | IceCv    | Noticed a reaper
 21391 | IceCv    | Killed a reaper
 22443 | Lair:3   | Reached skill level 16 in Armour
 22481 | Lair:3   | Found a dark tunnel.
 22530 | Volcano  | Entered a volcano
 22932 | D:11     | Bought the +8 frozen axe "Frostbite" {freeze, freezing
                  | cloud, *Noise Fly rC+} for 1694 gold pieces
 22932 | D:11     | Found the +8 frozen axe "Frostbite" {freeze, freezing
                  | cloud, *Noise Fly rC+}
 23043 | D:11     | Noticed a frost giant
 23048 | D:11     | Killed a frost giant
 23745 | Lair:3   | Found a hole to the Spider Nest.
 24112 | Lair:3   | Found a staircase to the Swamp.
 24466 | Lair:4   | Reached XP level 16. HP: 82/130 MP: 25/25
 24854 | Lair:4   | Identified the +0 ring mail "Ylyulin" {Dex+3}
 24869 | Lair:4   | Found a runed translucent door.
 24870 | Lair:4   | Found a viscous altar of Jiyva.
 24871 | Lair:4   | Noticed an acid blob
 24872 | Lair:4   | Found a staircase to the Slime Pits.
 24872 | Lair:4   | Noticed an acid blob
 24872 | Lair:4   | Noticed an acid blob
 24877 | Lair:4   | Killed an acid blob
 24883 | Lair:4   | Killed an acid blob
 24886 | Lair:4   | Killed an acid blob
 24887 | Lair:4   | Reached skill level 10 in Axes
 25020 | Lair:4   | Found a runed translucent door.
 25020 | Lair:4   | Found a shimmering altar of Xom.
 25020 | Lair:4   | Noticed Dory's ghost (journeyman MeEE)
 25020 | Lair:4   | Identified the +0 halberd "Ufeunit" {chaos, *Corrode rC+
                  | rN+}
 25235 | Lair:4   | Identified the +4 chain mail "Voafrigi" {Int+4}
 25580 | Lair:4   | Killed Dory's ghost
 25662 | Lair:5   | Entered Level 5 of the Lair of Beasts
 26596 | Lair:5   | Reached skill level 17 in Armour
 26860 | Lair:5   | Reached XP level 17. HP: 122/139 MP: 23/26
 26904 | Lair:5   | Identified the +8 flail of Discomfort {venom, Str+2 Dex+2}
 27286 | D:12     | Bought Maxwell's Memoranda for 532 gold pieces
 27322 | Orc:1    | Entered Level 1 of the Orcish Mines
 27559 | Orc:1    | Learned a level 3 spell: Ignite Poison
 27562 | Orc:1    | Learned a level 2 spell: Lesser Beckoning
 27566 | Orc:1    | Learned a level 3 spell: Vhi's Electric Charge
 27983 | Orc:2    | Entered Level 2 of the Orcish Mines
 28059 | Orc:2    | Found a staircase to the Elven Halls.
 28139 | Orc:2    | Gained mutation: You are clumsy. (Dex -2) [a neqoxec]
 28140 | Orc:2    | Reached skill level 1 in Translocations
 28147 | Orc:2    | Gained mutation: Your magical capacity is low. (-10% MP) [a
                  | neqoxec]
 28152 | Orc:2    | Reached skill level 1 in Air Magic
 28685 | Orc:2    | Found a runed translucent door.
 28685 | Orc:2    | Found a shimmering altar of Xom.
 28685 | Orc:2    | Noticed Errthou's ghost (journeyman HOMo)
 28702 | Orc:2    | Killed Errthou's ghost
 28821 | Orc:2    | Found Wiyg's Assorted Antiques.
 28821 | Orc:2    | Found Pemapig's Distillery.
 28822 | Orc:2    | Found Agiyn's Weapon Boutique.
 28826 | Orc:2    | Found Vajesy's Antique Weapon Boutique.
 29026 | Orc:2    | Bought a potion of curing for 30 gold pieces
 29026 | Orc:2    | Bought a potion of heal wounds for 50 gold pieces
 29026 | Orc:2    | Bought a potion of curing for 30 gold pieces
 29026 | Orc:2    | Bought a potion of might for 40 gold pieces
 29026 | Orc:2    | Bought a potion of might for 40 gold pieces
 29027 | Orc:2    | Bought a scroll labelled NOVVENUCIE for 20 gold pieces
 29027 | Orc:2    | Bought 2 scrolls of amnesia for 160 gold pieces
 29233 | Spider:1 | Entered Level 1 of the Spider Nest
 29445 | Spider:1 | Identified the +10 tower shield "Zeddut" {Will+}
 30306 | Spider:2 | Reached skill level 5 in Spellcasting
 30602 | Spider:2 | Identified the +8 flail of Reop Buo {spect, Fly rN+ Str-4
                  | Stlth+}
 31156 | Spider:2 | Reached XP level 18. HP: 144/147 MP: 21/24
 31389 | Spider:3 | Noticed Arachne
 31410 | Spider:3 | Noticed Azrael
 31413 | Spider:3 | Killed Arachne
 31418 | Spider:3 | Killed Azrael
 31761 | Spider:3 | Noticed Mlioglotl
 31779 | Spider:3 | Killed Mlioglotl
 31780 | Spider:3 | Reached skill level 5 in Translocations
 32721 | Spider:4 | Entered Level 4 of the Spider Nest
 33351 | Spider:4 | Reached skill level 5 in Transmutations
 33452 | Spider:4 | Reached skill level 15 in Fighting
 33459 | Spider:4 | Reached skill level 15 in Shields
 33624 | Spider:4 | Got a gossamer rune of Zot
 33937 | Swamp:1  | Entered Level 1 of the Swamp
 34048 | Swamp:1  | Noticed Donald
 34048 | Swamp:1  | Noticed Josephine
 34054 | Swamp:1  | Killed Donald
 34058 | Swamp:1  | Killed Josephine
 34184 | Swamp:1  | Noticed Nikola
 34190 | Swamp:1  | Killed from afar by Nikola

Illustrated notes

Levels and vault maps discovered:
D:1:      ncdulo_smallfort, layout_loops_ring
D:2:      layout_loops_corners, grunt_ministairs_10, minmay_heptomino_o4,
          uniq_terence
D:3:      layout_loops_corners, mainiacjoe_overflow_catwalk_spiral
D:4:      layout_loops_cross, zin_scriptorium
D:5:      layout_layer_cave
D:6:      layout_loops_ring, nemelex_spade_bored_becter,
          minmay_temple_entry_wispy, gammafunk_ghost_grave,
          minmay_misc_feat_more_columns
D:7:      layout_basic, uniq_duvessa
D:8:      layout_loops_ring, enter_bailey_2, kennysheep_minor_cross,
          kennysheep_windowed_goal, uniq_gastronok, uniq_grum
D:9:      layout_loops_ring, nicolae_ru_sacrificial_ziggurat,
          david_lair_generic, gammafunk_ghost_grave
D:10:     minmay_evil_eye, layout_small_grid, nicolae_trove_entry_crystal,
          chequers_serial_rivers_micro_b, uniq_harold
D:11:     minmay_twisted_water, layout_basic, serial_shops, shop, minivault_21
D:12:     layout_roguey, hiddenorc2_lemuel, serial_shops, kennysheep_mini,
          uniq_urug, uniq_sonja
D:13:     layout_roguey
D:14:     layout_cave_pods, david_vaults_3, hangedman_decor_lopped,
          nicolae_vehumet_altar_sigil
D:15:     hangedman_depths_entry_civil_slaughter, layout_small_grid,
          serial_shops, nicolae_shop_hallway_stairs, gauntlet_entry_generic,
          minmay_more_statues, uniq_kirke
Temple:   minmay_crystal_spiral_temple
Lair:1:   layout_concentric_octagons, grunt_megastairs_4
Lair:2:   layout_gridlike, portal_ice_cave_demonic_guard
Lair:3:   layout_hall_layers, palyth_hydra_swamp_entry, spider_nest_entry_webs,
          nicolae_volcano_entry_vermiform, wad_woods_road_02
Lair:4:   layout_roguey, slime_entry_2, ebering_ghost_xom, minivault_19,
          chequers_serial_rivers_marsh, dpeg_oklob_1
Lair:5:   due_jungle_book, layout_gridlike, special_room [special_room_bee]
Swamp:1:  layout_basic_swamp, serial_swamp_ruin, evilmike_swamp_ruin_house_3,
          evilmike_swamp_ruin_rubble_1, nicolae_swamp_drake_lake, uniq_donald,
          uniq_josephine, uniq_nikola
Spider:1: layout_spider_delve
Spider:2: layout_spider_delve
Spider:3: layout_chambers, guppyfry_hornet_nest, uniq_mlioglotl, uniq_arachne,
          uniq_azrael
Spider:4: hellmonk_spider_rune_bug_friends
Orc:1:    layout_diamond_mine
Orc:2:    st_orc_mages, layout_diamond_mine, ebering_ghost_xom

Skill      XL: |  1  2  3  4  5  6  7  8  9 10 11 12 13 14 15 16 17 18 |
---------------+-------------------------------------------------------+-----
Fighting       | 1 2 3 4 5 6 8 9 10 11 12 13 14 15 | 15.0
Poison Magic   | 5 6 7 9 10 12 | 12.0
Spellcasting   | 3 4 5 |  5.0
Armour         | 2 6 8 10 12 13 15 16 17 | 17.9
Invocations    | 2 5 7 8 10 11 12 13 | 13.0
Shields        | 2 6 8 9 11 12 14 15 | 15.1
Axes           | 1 4 5 7 9 11 12 13 | 13.9
Translocations | 4 6 |  6.4
Air Magic      | 2 4 |  4.1
Transmutations | 3 5 |  5.4
Dodging        | |  1.7
Stealth        | |  2.4

Action                     |  1- 3 |  4- 6 |  7- 9 | 10-12 | 13-15 | 16-18 || total
---------------------------+-------+-------+-------+-------+-------+-------++-------
  Melee: Unarmed           |    22 |       |       |       |       |       ||    22
         Dagger            |    83 |   152 |   104 |       |       |       ||   339
         Punch             |       |     2 |       |     4 |       |       ||     6
         Quarterstaff      |       |       |    68 |   348 |       |       ||   416
         Flail             |       |       |       |   153 |       |       ||   153
         Trident           |       |       |       |    18 |     9 |       ||    27
         Eveningstar       |       |       |       |       |    67 |       ||    67
         Battleaxe         |       |       |       |       |   100 |       ||   100
         Great mace        |       |       |       |       |   296 |    20 ||   316
         Executioner's axe |       |       |       |       |    86 |   730 ||   816
  Throw: Dart              |       |       |       |     3 |     2 |       ||     5
         Throwing net      |       |       |       |     2 |     3 |     1 ||     6
         Javelin           |       |       |       |       |     1 |       ||     1
   Cast: Sting             |    23 |     2 |     3 |     9 |     7 |       ||    44
         Poisonous Vapours |       |    12 |    14 |    31 |    15 |    26 ||    98
         Olgreb's Toxic Ra |       |     3 |    23 |    31 |    41 |    55 ||   153
         Mephitic Cloud    |       |       |     3 |     3 |       |       ||     6
         Lesser Beckoning  |       |       |       |       |       |     8 ||     8
 Invoke: Bend Time         |       |       |       |     1 |     2 |     1 ||     4
         Slouch            |       |       |       |     1 |     1 |     2 ||     4
         Temporal Distorti |       |       |       |       |     1 |     1 ||     2
         Step From Time    |       |       |       |       |     1 |       ||     1
Ability: Dig               |       |       |     1 |     2 |       |       ||     3
  Evoke: Wand              |       |     5 |    16 |     4 |     1 |       ||    26
         Condenser vane    |       |       |       |     1 |       |       ||     1
    Use: Scroll            |       |       |     2 |     5 |     7 |     5 ||    19
         Potion            |       |       |     3 |     6 |     1 |     3 ||    13
   Stab: Sleeping          |     9 |     7 |     1 |       |       |       ||    17
         Held in net/web   |       |       |       |       |     3 |       ||     3
         Invisible         |       |       |       |       |       |     5 ||     5
         Distracted        |       |       |       |       |       |     1 ||     1
 Armour: Robe              |    29 |    26 |    32 |       |       |       ||    87
         Leather armour    |       |       |    10 |     2 |       |       ||    12
         Crystal plate arm |       |       |       |   415 |   548 |   539 ||  1502
         Plate armour      |       |       |       |     7 |       |       ||     7
  Dodge: Dodged            |    61 |    51 |   114 |   165 |   178 |   177 ||   746
  Block: Other             |       |       |       |    18 |       |       ||    18
         Kite shield       |       |       |       |   338 |   876 |   579 ||  1793
         Reflection        |       |       |       |     6 |    36 |    27 ||    69
         Tower shield      |       |       |       |       |       |   771 ||   771

Table legend: (Time is in decaauts)
 A = Elapsed time spent in this place.
 B = Non-inter-level travel time spent in this place.
 C = Inter-level travel time spent in this place.
 D = Time resting spent in this place.
 E = Time spent auto-exploring this place.
 F = Levels seen in this place.
 G = Mean time per level.
                   A        B        C        D        E       F      G
               +--------+--------+--------+--------+--------+-----+--------+
         Total |  49217 |  45495 |   3722 |   3534 |  33580 |  33 | 1491.4 |
       Dungeon |  23882 |  22241 |   1641 |   1970 |  16699 |  15 | 1592.1 |
        Temple |     71 |     41 |     30 |      0 |     31 |   1 |   71.0 |
          Lair |  10487 |   9119 |   1368 |    258 |   7434 |   5 | 2097.4 |
         Swamp |    291 |    291 |      0 |     19 |    199 |   1 |  291.0 |
   Spider Nest |   7469 |   7080 |    389 |    478 |   5376 |   4 | 1867.2 |
  Orcish Mines |   2884 |   2592 |    292 |    216 |   1939 |   2 | 1442.0 |
         Abyss |    530 |    530 |      0 |     91 |      0 |   1 |  530.0 |
        Bailey |    585 |    585 |      0 |    116 |    264 |   1 |  585.0 |
      Ice Cave |   1822 |   1822 |      0 |    235 |   1123 |   1 | 1822.0 |
       Volcano |    396 |    396 |      0 |      0 |    207 |   1 |  396.0 |
      Gauntlet |    796 |    796 |      0 |    150 |    307 |   1 |  796.0 |
               +--------+--------+--------+--------+--------+-----+--------+

Top non-repeatable levels by time:
    D:11: 2557 daAuts
  Lair:5: 2479 daAuts
Spider:3: 2421 daAuts
  Lair:3: 2194 daAuts
  Lair:4: 2146 daAuts
  Lair:1: 2058 daAuts
     D:8: 1956 daAuts
    D:13: 1945 daAuts
    D:10: 1940 daAuts
Spider:2: 1936 daAuts
     D:5: 1871 daAuts
   IceCv: 1822 daAuts
     D:9: 1781 daAuts
    D:14: 1773 daAuts
    D:12: 1726 daAuts
